 Dungeon Sprint DCSS version 0.16.1-5-gaa23807 (webtiles) character file.

0 Gingerlord the Ruffian (level 1, 16/16 HPs)
             Began as a Draconian Transmuter on Mar 28, 2015.
             Got out of the dungeon alive.
             The game lasted 00:00:29 (36 turns).

Gingerlord the Ruffian (Draconian Transmuter)         Turns: 36, Time: 00:00:29

Health: 16/16      AC:  4    Str: 12    XL:     1   Next: 0%
Magic:  3/3        EV: 12    Int: 13    God:
Gold:   0          SH:  0    Dex: 11    Spells: 1 memorised, 3 levels left

rFire  . . .     SeeInvis .       - Unarmed
rCold  . . .     Clarity  .     (armour unavailable)
rNeg   . . .     SustAb   .     (no shield)
rPois  .         Gourm    .     (helmet restricted)
rElec  .         Spirit   .     (no cloak)
rCorr  .         Warding  .     (no gloves)
rMut   .         NoTele   +     (no boots)
MR     .....                    (no amulet)
Stlth  +.........               (no ring)
                                (no ring)

@: not resistant to hostile enchantments, very unstealthy
A: unfitting armour, cold-blooded, AC +4
a: no special abilities


You escaped.
You were not hungry.

You visited 1 branch

Inventory:

Missiles
 b - 12 arrows
Jewellery
 y - a +6 ring of dexterity
 A - a +6 ring of dexterity
 B - a +6 ring of intelligence
 C - a +6 ring of intelligence
 D - a +6 ring of strength
 E - a +6 ring of strength
Magical devices
 F - a wand of disintegration (7)
 G - a wand of fire (5)
 H - a wand of cold (5)
 I - a wand of draining (5)
Scrolls
 j - 4 scrolls of blinking
 q - 4 scrolls of amnesia
 r - 3 scrolls of recharging
 s - 7 scrolls of fog
 t - a scroll of holy word
 u - 5 scrolls of identify
 v - 5 scrolls of remove curse
 w - 2 scrolls of fear
Potions
 c - 2 potions of brilliance
 e - 10 potions of curing
 f - 10 potions of heal wounds
 g - 6 potions of haste
 h - 7 potions of magic
 i - 3 potions of berserk rage
 k - 2 potions of invisibility
 l - 2 potions of restore abilities
 m - 4 potions of resistance
 n - a potion of experience
 o - 5 potions of agility
 p - 5 potions of might
Books
 d - a book of Changes

   Spells                             Type                      Level
   a - Beastly Appendage              Transmutation                1
   b - Sticks to Snakes               Transmutation                2
   c - Spider Form                    Transmutation/Poison         3
   d - Ice Form                       Ice/Transmutation            4
   e - Blade Hands                    Transmutation                5
Comestibles
 a - 5 bread rations
 x - 42 fruits
 z - 4 meat rations


   Skills:
 + Level 1.1 Fighting
 + Level 1.7 Dodging
 + Level 3.0 Unarmed Combat
 + Level 2.0 Spellcasting
 + Level 2.0 Transmutations


You had 3 spell levels left.
You knew the following spells:

 Your Spells              Type           Power        Failure   Level  Hunger
a - Beastly Appendage     Trmt           #.....       12%         1    ##.....


Dungeon Overview and Level Annotations

Branches:
Dungeon (1/1)

Altars:
Ashenzari
Cheibriados
Dithmenos
Elyvilon
Fedhas
Gozag
Kikubaaqudgha
Makhleb
Nemelex Xobeh
Okawaru
Qazlal
Ru
Sif Muna
Trog
Vehumet
Xom
Yredelemnul
Zin
The Shining One
Beogh
Jiyva
Lugonu


Innate Abilities, Weirdness & Mutations

Your plain brown scales are hard (AC +4).
Your body does not fit into most forms of armour.
Your cold-blooded metabolism reacts poorly to cold.


Message History

an uncursed staff of energy; a crystal ball of energy You see here an uncursed ring of flight.
You see here a disc of storms.
Found a shimmering altar of Xom.
Things that are here:
a +5 quick blade; a +5 rapier; a +5 dagger
Items here: )))) a +5 giant spiked club; a +5 giant club; a +5 great mace; a +5 demon whip
Things that are here:
a +5 bardiche; a +5 demon trident
Things that are here:
a +5 executioner's axe; a +5 battleaxe; a +5 broad axe
Things that are here:
a +3 large shield; a +3 shield; a +3 buckler
Items here: [[[[[[[
There is a staircase leading out of the dungeon here.
There is a staircase leading out of the dungeon here.
You can't go down here!
Are you sure you want to leave the Dungeon?
This will make you lose the game!
You have escaped!

▓_8_8_88©88_8_8_▓
▓8.........))..8▓
▓_..))........._▓
▓8..)).........8▓
▓_..().....}..._▓
▓8...).....=...8▓
▓_.........|..._▓
▓8...[.........8▓
▓_...[.@......._▓
▓8.............8▓
▓_8_8_8_8_8_8_8_▓
▓▓▓▓▓▓▓▓▓▓▓▓▓▓▓▓▓


There were no monsters in sight!

Vanquished Creatures (others)
  the Enchantress (D)
  Erolcha (D)
  A spatial maelstrom (D)
3 creatures vanquished.

Notes
Turn   | Place    | Note
--------------------------------------------------------------
     0 | D        | Gingerlord, the Draconian Transmuter, began the quest for the Orb.
     0 | D        | Reached XP level 1. HP: 16/16 MP: 3/3
     0 | D        | Found a viscous altar of Jiyva.
     0 | D        | Found a corrupted altar of Lugonu.
     0 | D        | Found a white marble altar of Elyvilon.
     1 | D        | Found a burning altar of Makhleb.
     1 | D        | Found an iron altar of Okawaru.
     3 | D        | Found a sparkling altar of Nemelex Xobeh.
     3 | D        | Found a basalt altar of Yredelemnul.
     3 | D        | Found a deep blue altar of Sif Muna.
     3 | D        | Found a radiant altar of Vehumet.
     6 | D        | Killed Erolcha
     7 | D        | Found a bloodstained altar of Trog.
    18 | D        | Banished a spatial maelstrom
    20 | D        | Killed the Enchantress
    21 | D        | Found a shimmering altar of Xom.
    36 | D        | Got out of the dungeon alive.
